 Dungeon Crawl Stone Soup version 0.18.1-50-g88ac8fd (webtiles) character file.

144 GreyTheWise the Sneak (level 5, 0/39 HPs)
             Began as a Vampire Assassin on Jan 15, 2017.
             Slain by a gnoll
             ... wielding a cursed -3 flail
              (17 damage)
             ... on level 3 of the Dungeon.
             The game lasted 00:36:39 (3934 turns).

GreyTheWise the Sneak (Vampire Assassin)            Turns: 3934, Time: 00:36:39

Health: 0/39       AC:  6    Str: 10    XL:     5   Next: 5%
Magic:  5/5        EV: 13    Int: 13    God:
Gold:   140        SH:  0    Dex: 17    Spells: 0 memorised, 4 levels left

rFire  . . .     SeeInvis +     i - +4 hand axe (flame)
rCold  . . .     Gourm    .     c - +0 robe
rNeg   + . .     Faith    .     (no shield)
rPois  .         Spirit   .     (no helmet)
rElec  .         Dismiss  .     d - +0 cloak
rCorr  .         Reflect  .     m - +0 pair of gloves
SustAt .         Harm     .     h - +0 pair of boots
MR     .....                    (no amulet)
Stlth  ++++......               (no ring)
                                k - +1 ring of protection

@: slowed, very slow, not resistant to hostile enchantments, stealthy
A: fangs 3, see invisible, unbreathing
a: Bat Form


You were on level 3 of the Dungeon.
You were not thirsty.

You visited 1 branch of the dungeon, and saw 3 of its levels.

You collected 140 gold pieces.

Inventory:

Hand Weapons
 a - a +3 dagger
 b - a +0 blowgun
 i - a +4 hand axe of flaming (weapon)
 w - a +0 whip
Missiles
 e - 31 poisoned needles
 f - 2 curare-tipped needles
 p - 17 arrows
Armour
 c - a +0 robe (worn)
 d - a +0 cloak (worn)
 h - a +0 pair of boots (worn)
 l - a -2 robe
 m - a +0 pair of gloves (worn)
Jewellery
 k - a +1 ring of protection (left hand)
 s - an uncursed ring of ice
 x - an uncursed ring of protection from fire
Scrolls
 o - 4 scrolls of identify
 q - a scroll of amnesia {unknown}
 t - a scroll of remove curse
 u - a scroll of enchant armour {unknown}
 v - a scroll of noise {unknown}
Potions
 g - 18 potions of blood
 j - a potion of curing
 r - a potion of brilliance {unknown}
 z - a potion of haste {unknown}


   Skills:
 + Level 2.3 Fighting
 + Level 2.6 Short Blades
 + Level 1.7 Throwing
 + Level 3.0 Dodging
 + Level 7.7 Stealth


You had 4 spell levels left.
You didn't know any spells.

Dungeon Overview and Level Annotations

Branches:
Dungeon (3/15)

Altars:
Cheibriados


Innate Abilities, Weirdness & Mutations

You have razor-sharp teeth.
You have supernaturally acute eyesight.
You can survive without breathing.


Message History

The gnoll is moderately wounded.
The gnoll barely misses you. The gnoll hits you with a flail!
You hit the gnoll. You burn the gnoll.
The gnoll is heavily wounded.
You hit the gnoll but do no damage.
The gnoll is heavily wounded.
You barely miss the gnoll. The gnoll misses you. x2
The gnoll hits you with a flail!
The gnoll zaps a wand.
You resist with some effort. The gnoll hits you!
* * * LOW HITPOINT WARNING * * *
The gnoll barely misses you.
As you read the scroll labeled COARHU APHUS, it crumbles to dust.
It is a scroll of enchant weapon.
Enchant which weapon? (? for menu, Esc to quit)
Your +2 dagger glows red for a moment.
The gnoll hits you.
* * * LOW HITPOINT WARNING * * *
The gnoll closely misses you.
You feel better. The gnoll closely misses you. The gnoll hits you with a flail!
You die...

######.....#......#..#......#
# ######..####.##........#
###.#####.####......#
#########...................#
#...........######..##......#
#.......)).## #.....##......#
#...........# #.....##......#
............###.............#
..............#g@...#.#######
................g...#.#
............###.....#.#
............# #.....#.###
...........## #.........#
....#.....## ###.#.....##
..[######## #.#####..# .###
#.# ##.## .## #.# #..#


You could see 2 gnolls.

Vanquished Creatures
  A gnoll (D:2)
  5 adders (D:2)
  3 worms
  4 dart slugs
  A giant gecko (D:3)
  A ball python (D:2)
  5 giant cockroaches
  10 goblins
  4 hobgoblins (D:2)
  6 jackals (D:3)
  13 kobolds
  A quokka (D:2)
  6 bats
  5 giant newts
  7 rats
72 creatures vanquished.

Notes
Turn   | Place    | Note
--------------------------------------------------------------
     0 | D:1      | GreyTheWise the Vampire Assassin began the quest for the Orb.
     0 | D:1      | Reached XP level 1. HP: 16/16 MP: 1/1
    85 | D:1      | Reached skill level 6 in Stealth
   300 | D:1      | Reached XP level 2. HP: 16/22 MP: 2/2
  1539 | D:2      | Reached skill level 7 in Stealth
  1539 | D:2      | Reached XP level 3. HP: 26/27 MP: 3/3
  2142 | D:2      | Reached XP level 4. HP: 33/33 MP: 4/4
  3494 | D:3      | Found a snail-covered altar of Cheibriados.
  3669 | D:3      | Reached XP level 5. HP: 33/39 MP: 5/5
  3934 | D:3      | Slain by a gnoll

Skill      XL: |  1  2  3  4 |
---------------+-------------+-----
Stealth        | 6 7 |  7.7
Fighting       | 2 |  2.3
Dodging        | 2 3 |  3.0
Short Blades   | |  2.6
Throwing       | |  1.7

Action                   |  1- 3 |  4- 6 || total
-------------------------+-------+-------++-------
Melee: Dagger            |    89 |    78 ||   167
       Bite              |     5 |     6 ||    11
       Hand axe          |    22 |    22 ||    44
       Halberd           |       |     3 ||     3
       Unarmed           |       |     1 ||     1
 Fire: Blowgun           |     2 |     2 ||     4
  Use: Potion            |     4 |     9 ||    13
       Scroll            |     2 |     4 ||     6
 Stab: Sleeping          |     9 |     5 ||    14
       Distracted        |     1 |       ||     1
Armor: Robe              |    31 |    21 ||    52
Dodge: Dodged            |    68 |    70 ||   138
